 Dungeon Crawl Stone Soup version 0.30.1-9-gdf580d7c3d (webtiles) character file.

Game seed: 15753971600643663963

1317 monsoonserge the Skirmisher (level 8, 0/42 HPs)
             Began as a Spriggan Hunter on Oct 2, 2023.
             Was a Follower of Okawaru.
             Slain by a wyvern (17 damage)
             ... on level 7 of the Dungeon.
             The game lasted 00:15:03 (5705 turns).

monsoonserge the Skirmisher (Spriggan Hunter)       Turns: 5705, Time: 00:15:04

Health: 0/42       AC:  3    Str:  7    XL:     8   Next: 33%
Magic:  10/10      EV: 18    Int: 11    God:    Okawaru [*.....]
Gold:   273        SH:  0    Dex: 20    Spells: 7/9 levels left

rFire   . . .        a - +0 shortbow
rCold   . . .        (shield currently unavailable)
rNeg    . . .        c - +0 robe
rPois   .            (helmet restricted)
rElec   .            v - +0 cloak
rCorr   .            (gloves unavailable)
SInv    +            (boots unavailable)
Will    +....        m - amulet of the acrobat
Stlth   ++           (no ring)
HPRegen 0.27/turn    (no ring)
MPRegen 0.12/turn

%: acrobat
@: very quick
A: very small, no large weapons, unfitting armour, see invisible, speed 3
a: Renounce Religion, Heroism


You were on level 7 of the Dungeon.
You worshipped Okawaru.
Okawaru was aware of your devotion.
You visited 2 branches of the dungeon, and saw 8 of its levels.

You collected 273 gold pieces.

Inventory:

Hand Weapons
 a - a +0 shortbow (weapon)
Missiles
 s - 13 poisoned darts
 t - 6 boomerangs
Armour
 c - a +0 robe (worn)
 v - a +0 cloak (worn)
 z - a +0 buckler
Jewellery
 d - a ring of ice
 m - an amulet of the acrobat (around neck)
Wands
 u - a wand of flame (39)
Scrolls
 b - 3 scrolls of immolation
 h - a scroll of poison {unknown}
 j - 6 scrolls of teleportation
 l - 3 scrolls of magic mapping {unknown}
 n - a scroll of noise {unknown}
 r - 3 scrolls of fear {unknown}
 w - 2 scrolls of butterflies {unknown}
 y - 3 scrolls of blinking {unknown}
 A - a scroll of amnesia {unknown}
Potions
 e - 2 potions of mutation
 f - 3 potions of attraction
 g - 3 potions of magic
 i - a potion of curing {unknown}
 k - 4 potions of might
 o - a potion of degeneration {unknown}
 p - a potion of flight {unknown}
 q - 2 potions of haste {unknown}
 x - 3 potions of lignification {unknown}
 B - a potion of ambrosia {unknown}
 C - a potion of invisibility {unknown}


   Skills:
 + Level 4.0 Fighting
 + Level 9.4 Ranged Weapons
 + Level 3.2 Dodging
 + Level 2.7 Stealth
 - Level 1.0 Spellcasting
 * Level 3.4 Translocations


You had 7 spell levels left.
You knew the following spells:

 Your Spells              Type           Power      Damage    Failure   Level
a - Blink                 Tloc           16%        N/A       12%         2

Your spell library contained the following spells:

 Spells                   Type           Power      Damage    Failure   Level
 Lesser Beckoning         Tloc           16%        N/A       12%         2
 Momentum Strike          Conj/Tloc      8%         3d8       24%         2
 Sandblast                Erth           0%         2d4       32%         1
 Passwall                 Tmut/Erth      0%         N/A       43%         2
 Vhi's Electric Charge    Tloc/Air       8%         N/A       43%         3
 Stone Arrow              Conj/Erth      0%         3d7       67%         3
 Arcjolt                  Conj/Air       0%         1d10      100%        5
 Plasma Beam              Fire/Air       0%         2x1d11    100%        6


Dungeon Overview and Level Annotations

Branches:
Dungeon (7/15)             Temple (1/1) D:5

Altars:
Ashenzari
Cheibriados
Dithmenos
Fedhas
Hepliaklqana
Kikubaaqudgha
Makhleb
Nemelex Xobeh
Okawaru
Ru
Sif Muna
Trog
Uskayaw
Vehumet
Wu Jian
Yredelemnul
Zin

Shops:
D:7 =


Innate Abilities, Weirdness & Mutations

You are very small and have problems with some larger weapons.
You are too small for most types of armour.
You have supernaturally acute eyesight. (SInv)
You cover ground extremely quickly. (Speed+++)


Message History

You shoot an arrow.
The arrow hits the wyvern but does no damage.
The wyvern is moderately wounded.
You shoot an arrow. The arrow hits the wyvern!
The wyvern is heavily wounded.
You shoot an arrow. The arrow closely misses the wyvern.
The wyvern completely misses you. The wyvern closely misses you.
You shoot an arrow.
The arrow hits the wyvern but does no damage.
The wyvern is heavily wounded.
The wyvern closely misses you.
You shoot an arrow.
The arrow hits the wyvern but does no damage.
The wyvern is heavily wounded.
The wyvern barely misses you. x2
You shoot an arrow. The arrow closely misses the wyvern.
The wyvern bites you!
You shoot an arrow.
The arrow hits the wyvern but does no damage.
The wyvern is heavily wounded.
The wyvern bites you! The wyvern bites you.
You are too injured to fight recklessly!
You are too injured to fight recklessly!
You are too injured to fight recklessly!
There is a stone staircase leading up here.
The wyvern barely misses you.
You climb upwards.
There is a stone staircase leading down here.
You start resting.
HP restored.
You climb downwards.
The wyvern bites you! The wyvern completely misses you.
There is a stone staircase leading up, spattered with blood here.
You shoot an arrow. The arrow hits the wyvern.
The wyvern is moderately wounded.
The wyvern barely misses you.
You shoot an arrow. The arrow hits the wyvern!
The wyvern is severely wounded.
The wyvern bites you!
The wyvern hisses menacingly.
The wyvern bites you!
You die...

#### ###### .># #....#
#.# #####.##.#
########.###........#
#.........†...##.#..#
#........###..#.<#..#
#..........#.....####
#........l@#..........#
#........#.#.#.###.####
#........#.#.#... .#
#.####.#.#.#.#...... #.
#.....#...###### #
###∩###...# #......#.#
#..#####.# #..#


You could see a wyvern.

Vanquished Creatures
  3 water moccasins
  A sky beast (D:6)
  An ice beast (D:5)
  An ogre (D:5)
  3 phantoms
  3 orc priests
  A hound (D:5)
  2 jellies
  4 iguanas
  2 orc wizards
  2 gnolls (D:2)
  7 adders
  5 worms
  2 dart slugs
  8 orcs
  4 ball pythons
  A bat (D:3)
  6 endoplasms
  A giant cockroach (D:4)
  9 goblins
  10 hobgoblins
  8 jackals
  4 kobolds
  10 quokkas
  A frilled lizard (D:3)
  2 rats
101 creatures vanquished.

Notes
Turn   | Place    | Note
-------+----------+-------------------------------------------
     0 | D:1      | monsoonserge the Spriggan Hunter began the quest for the
                  | Orb.
     0 | D:1      | Reached XP level 1. HP: 10/10 MP: 2/2
   175 | D:1      | Reached XP level 2. HP: 14/14 MP: 3/3
   744 | D:2      | Reached skill level 5 in Ranged Weapons
   744 | D:2      | Reached XP level 3. HP: 14/18 MP: 4/4
   930 | D:2      | Found a radiant altar of Vehumet.
  1039 | D:2      | Reached XP level 4. HP: 23/23 MP: 5/5
  1239 | D:2      | Found a faded altar of an unknown god.
  2100 | D:3      | Reached XP level 5. HP: 26/26 MP: 6/6
  2179 | D:3      | Reached skill level 6 in Ranged Weapons
  3275 | D:5      | Entered Level 5 of the Dungeon
  3275 | D:5      | Noticed a water moccasin
  3408 | D:4      | Reached XP level 6. HP: 32/32 MP: 7/7
  3457 | D:4      | Killed a water moccasin
  3458 | D:4      | Reached skill level 7 in Ranged Weapons
  3699 | D:5      | Found a hide-covered altar of Uskayaw.
  3974 | D:5      | Found a staircase to the Ecumenical Temple.
  4170 | D:5      | Noticed a water moccasin
  4232 | D:5      | Killed a water moccasin
  4233 | D:5      | Reached XP level 7. HP: 35/36 MP: 8/8
  4268 | D:6      | Found a shimmering blue altar of Sif Muna.
  4277 | D:6      | Reached skill level 8 in Ranged Weapons
  4368 | D:6      | Learned a level 2 spell: Blink
  4505 | Temple   | Entered the Ecumenical Temple
  4522 | Temple   | Became a worshipper of Warmaster Okawaru
  4628 | D:5      | Reached skill level 1 in Translocations
  4712 | D:5      | Reached skill level 1 in Spellcasting
  4906 | D:6      | Reached XP level 8. HP: 28/42 MP: 10/10
  5233 | D:6      | Reached skill level 9 in Ranged Weapons
  5461 | D:7      | Reached * piety under Okawaru
  5590 | D:7      | Found Qetzerch's Jewellery Shop.
  5705 | D:7      | Slain by a wyvern

Illustrated notes

Levels and vault maps discovered:
D:1:      nzn_arrival_settlement, layout_loops_ring
D:2:      wad_woods_stonehenge, layout_basic, shapermc_ecumenical_altar_pompeii
D:3:      layout_basic, amcnicky_mini_pool_small,
          nicolae_concentric_dashed_squares_wild, st_stairs_11
D:4:      layout_loops_corners
D:5:      layout_loops_corners, mainiacjoe_overflow_chevrons,
          minmay_temple_entry_from_below_b, feat_on_display
D:6:      layout_basic, mainiacjoe_overflow_boulevard
D:7:      layout_basic, general_overflow_altar, serial_shops, shop
Temple:   minmay_freezing_vapour_temple

Skill      XL: |  1  2  3  4  5  6  7  8 |
---------------+-------------------------+-----
Ranged Weapons | 5 6 7 8 9 |  9.4
Fighting       | 2 3 4 |  4.0
Stealth        | 2 |  2.7
Dodging        | 3 |  3.2
Translocations | 2 3 |  3.4
Spellcasting   | 1 |  1.0

Action                     |  1- 3 |  4- 6 |  7- 9 || total
---------------------------+-------+-------+-------++-------
   Fire: Shortbow          |    87 |   222 |   109 ||   418
    Use: Scroll            |       |     5 |       ||     5
 Armour: Robe              |     1 |     2 |     4 ||     7
  Dodge: Dodged            |    21 |    34 |    29 ||    84
